 Dungeon Sprint DCSS version 0.25-a0-161-gb7fd73d (webtiles) character file.

Game seed: 9369366657771051034, levelgen mode: deterministic

565 schets the Tainter (level 10, -5/96 HPs)
             Began as a Naga Venom Mage on Nov 21, 2019.
             Was a High Priest of Cheibriados.
             Slain by an orc warrior
             ... wielding a +0 dire flail
              (13 damage)
             ... in the Dungeon (Sprint VI: "Thunderdome").
             The game lasted 00:07:49 (638 turns).

schets the Tainter (Naga Venom Mage)                 Turns: 638, Time: 00:07:49

Health: -5/96      AC:  6    Str: 26    XL:     10   Next: 19%
Magic:  12/22      EV: 10    Int: 29    God:    Cheibriados [*****.]
Gold:   455        SH:  0    Dex: 25    Spells: 4/25 levels left

rFire    . . .     SeeInvis +     - Unarmed
rCold    . . .     Gourm    .   (no shield)
rNeg     . . .     Faith    .   h - +0 ring mail
rPois    +         Spirit   .   (no helmet)
rElec    .         Reflect  .   (no cloak)
rCorr    .         Harm     .   (no gloves)
MR       +....     NoTele   +   (no barding)
Stlth    ++........             (no amulet)
HPRegen  0.26/turn              (no ring)
MPRegen  0.18/turn              (no ring)

@: very slow
A: large, see invisible, deformed body, poison resistance, slowness 2, slow
metabolism 1, spit poison 1, AC +3
}: 1/15 runes: serpentine
a: Spit Poison, Bend Time, Temporal Distortion, Slouch, Step From Time, Renounce
Religion


You were in the Dungeon.
You worshipped Cheibriados.
Cheibriados was extremely pleased with you.
You were hungry.

You visited 1 branch You collected 910 gold pieces.
You spent 455 gold pieces at shops.

Inventory:

Armour
 a - a +0 robe
 f - a +0 plate armour
 h - a +0 ring mail (worn)
Wands
 g - a wand of paralysis (2)
 j - a wand of iceblast (1)
Scrolls
 i - 4 scrolls of blinking
 k - 3 scrolls of fog
Potions
 d - a potion of curing
 l - a potion of resistance
Comestibles
 b - 6 chunks of flesh
 c - a ration


   Skills:
 - Level 8.0 Fighting
 - Level 4.3 Armour
 - Level 1.5 Dodging
 - Level 3.0 Stealth
 + Level 8.5 Unarmed Combat
 - Level 8.0 Spellcasting
 - Level 7.8 Conjurations
 * Level 5.3 Transmutations
 * Level 5.1 Earth Magic
 - Level 10.8 Poison Magic
 + Level 10.2 Invocations


You had 4 spell levels left.
You knew the following spells:

 Your Spells              Type           Power        Failure   Level  Hunger
a - Sting                 Conj/Pois      ####         1%          1    None
b - Poisonous Vapours     Pois/Air       #####.       1%          2    None
c - Olgreb's Toxic Radia  Pois           ######..     1%          4    #......
d - Mephitic Cloud        Conj/Pois/Air  #####...     1%          3    None
e - Venom Bolt            Conj/Pois      ######....   4%          5    ####...
f - Statue Form           Tmut/Erth      #####....    75%         6    ######.

Your spell library contained the following spells:

 Spells                   Type           Power        Failure   Level  Hunger
 Leda's Liquefaction      Hex/Erth       ####......   22%         4    #......
 Bolt of Magma            Conj/Fire/Erth #####.....   30%         5    ####...
 Iron Shot                Conj/Erth      #####.....   56%         6    ######.
 Shatter                  Erth           #####.....   100%        9    #######


Dungeon Overview and Level Annotations

Branches:
Dungeon (1/1)

Altars:
Cheibriados
Dithmenos
Fedhas
Gozag
Kikubaaqudgha
Makhleb
Okawaru
Qazlal
Ru
Sif Muna
Trog
Uskayaw
Vehumet
Wu Jian
Xom
Yredelemnul
Zin
The Shining One
Beogh
Jiyva
Lugonu

Shops:
D *[%??*?*:[((!!!!


Innate Abilities, Weirdness & Mutations

You cannot wear boots.
Your serpentine skin is tough. (AC +3)
You have supernaturally acute eyesight. (SInv)
Armour fits poorly on your strangely shaped body.
Your system is resistant to poisons. (rPois)
You cover ground very slowly.
You have a slow metabolism.
You can spit poison.


Message History

The orc warrior is severely wounded.
The orc warrior hits you with a +0 dire flail!
* * * LOW HITPOINT WARNING * * *
You hit the orc warrior.
The orc warrior is almost dead.
The orc warrior barely misses you.
You barely miss the orc warrior.
The orc warrior is almost dead.
The orc warrior hits you with a +0 dire flail!
* * * LOW HITPOINT WARNING * * *
You closely miss the orc warrior.
The orc warrior is almost dead.
The orc warrior looks more healthy.
You closely miss the orc warrior.
The orc warrior is almost dead.
The orc warrior closely misses you.
You hit the orc warrior but do no damage.
The orc warrior is almost dead.
The orc warrior hits you with a +0 dire flail!
You die...

#_......._# #_......._#
###[........###
#⌠.(.........⌠#
#.8.........8.######
......###.[.....__∩##
.[..8.# #.8........∩###
[.....###....÷........##
.[.###...###..[[@o....⌠#
)%.# #.<.# #.÷.)......⌠#
...###...###..†.......⌠#
......###.............##
....8)# #.8........∩###
...)..###......___∩##
#.8.........8.######
#⌠...........⌠#
###.........###


You could see an orc warrior.

Vanquished Creatures
  Aizul (D)
  A swamp dragon (D)
  A komodo dragon (D)
  Sigmund (D)
  2 steam dragons (D)
  A warg (D)
  An acid dragon (D)
  A swamp drake (D)
  5 orc warriors (D)
  Blork the orc (D)
  An orc priest (D)
  An orc wizard (D)
  2 adders (D)
  3 orcs (D)
  A bat (D)
  A frilled lizard (D)
  5 kobolds (D)
29 creatures vanquished.

Vanquished Creatures (others)
  A kobold (D)
1 creature vanquished.

Grand Total: 30 creatures vanquished

Notes
Turn   | Place    | Note
-------+----------+-------------------------------------------
     0 | D        | schets the Naga Venom Mage began the quest for the Orb.
     0 | D        | Reached XP level 1. HP: 15/15 MP: 3/3
     2 | D        | Found a radiant altar of Vehumet.
     3 | D        | Found a bloodstained altar of Trog.
     3 | D        | Found a glowing golden altar of the Shining One.
     4 | D        | Found a corrupted altar of Lugonu.
     4 | D        | Found a basalt altar of Yredelemnul.
     4 | D        | Round 1.
     5 | D        | Found Yttihedgh's Distillery.
     5 | D        | Found a hide-covered altar of Uskayaw.
     5 | D        | Found a viscous altar of Jiyva.
     5 | D        | Found Helin's Do-It-Yourself Clinic.
     6 | D        | Found Zikhaca's Distillery.
     6 | D        | Found Irchewac's Bottled Wisdom.
     9 | D        | Found a shadowy altar of Dithmenos.
    10 | D        | Found a sacrificial altar of Ru.
    12 | D        | Found Irenoog's Weapon Rack.
    13 | D        | Found a roughly hewn altar of Beogh.
    13 | D        | Found an ancient bone altar of Kikubaaqudgha.
    13 | D        | Found an opulent altar of Gozag.
    13 | D        | Found Ykicex's Premium Goods.
    13 | D        | Found Qogesch's Basic Armour.
    13 | D        | Found Weoc's Miscellaneous Merchandise.
    17 | D        | Found a stormy altar of Qazlal.
    20 | D        | Reached skill level 1 in Fighting
    20 | D        | Reached skill level 1 in Unarmed Combat
    20 | D        | Reached XP level 2. HP: 25/25 MP: 1/5
    21 | D        | Found a shimmering altar of Xom.
    24 | D        | Found a shimmering blue altar of Sif Muna.
    25 | D        | Found Jeczec's Identification Station.
    26 | D        | Found Foathreto's Advanced Armour.
    26 | D        | Found Qafomif's Jewellery.
    27 | D        | Found a snail-covered altar of Cheibriados.
    27 | D        | Found an iron altar of Okawaru.
    27 | D        | Found Rute's Delicious Food.
    36 | D        | Found a glowing silver altar of Zin.
    37 | D        | Found a burning altar of Makhleb.
    38 | D        | Found an ornate altar of the Wu Jian Council.
    39 | D        | Found Paxt's Magic Scroll Shop.
    40 | D        | Found Umpel's Magic Scroll Shop.
    40 | D        | Found Zoycaotz's Must-Have Magic.
    40 | D        | Noticed Sigmund
    41 | D        | Found a blossoming altar of Fedhas.
    41 | D        | Found Kutsipal's Staff Store.
    46 | D        | Killed Sigmund
    46 | D        | Reached XP level 3. HP: 4/37 MP: 5/9
    46 | D        | Reached XP level 4. HP: 5/45 MP: 5/10
    46 | D        | Reached XP level 5. HP: 6/51 MP: 6/12
    55 | D        | Became a worshipper of Cheibriados the Contemplative
    62 | D        | Arena points: 12 (+12) [x2]
   111 | D        | Learned a level 2 spell: Poisonous Vapours
   116 | D        | Learned a level 4 spell: Olgreb's Toxic Radiance
   117 | D        | Round 2.
   120 | D        | Learned a level 3 spell: Mephitic Cloud
   124 | D        | Noticed an orc warrior
   143 | D        | Killed an orc warrior
   143 | D        | Reached * piety under Cheibriados
   143 | D        | Reached skill level 5 in Fighting
   143 | D        | Reached skill level 5 in Unarmed Combat
   143 | D        | Reached skill level 5 in Spellcasting
   143 | D        | Reached skill level 5 in Conjurations
   143 | D        | Reached XP level 6. HP: 52/61 MP: 1/13
   181 | D        | Noticed Blork the orc
   192 | D        | Killed Blork the orc
   192 | D        | Reached ** piety under Cheibriados
   231 | D        | Arena points: 54 (+42) [x3]
   253 | D        | Learned a level 5 spell: Venom Bolt
   268 | D        | Round 3.
   270 | D        | Noticed an orc warrior
   272 | D        | Noticed a warg
   274 | D        | Noticed an orc warrior
   275 | D        | Reached *** piety under Cheibriados
   275 | D        | Killed an orc warrior
   275 | D        | Reached skill level 1 in Armour
   275 | D        | Reached skill level 5 in Invocations
   275 | D        | Reached XP level 7. HP: 61/68 MP: 3/15
   284 | D        | Killed a warg
   284 | D        | Reached **** piety under Cheibriados
   306 | D        | Arena points: 138 (+84) [x4]
   337 | D        | Round 4.
   340 | D        | Reached ***** piety under Cheibriados
   377 | D        | Arena points: 278 (+140) [x5]
   383 | D        | Round 5.
   384 | D        | Noticed Aizul
   386 | D        | Noticed a naga mage
   388 | D        | Killed Aizul
   388 | D        | Arena points: 523 (+245) [x7]
   388 | D        | Reached skill level 10 in Poison Magic
   388 | D        | Reached XP level 8. HP: 72/80 MP: 11/18
   391 | D        | Got a serpentine rune of Zot
   392 | D        | Reached XP level 9. HP: 79/86 MP: 7/20
   405 | D        | Bought a book of the Earth for 455 gold pieces
   412 | D        | Learned a level 6 spell: Statue Form
   477 | D        | Round 6.
   492 | D        | Reached skill level 1 in Transmutations
   492 | D        | Reached skill level 1 in Earth Magic
   550 | D        | Noticed a komodo dragon
   567 | D        | Killed a komodo dragon
   567 | D        | Reached XP level 10. HP: 46/96 MP: 5/21
   585 | D        | Noticed a swamp dragon
   598 | D        | Killed a swamp dragon
   598 | D        | Reached skill level 5 in Transmutations
   598 | D        | Reached skill level 5 in Earth Magic
   598 | D        | Reached skill level 10 in Invocations
   609 | D        | Arena points: 565 (+42) [x1]
   624 | D        | Round 7.
   638 | D        | Slain by an orc warrior

Levels and vault maps discovered:
D:        arena_sprint

Skill      XL: |  1  2  3  4  5  6  7  8  9 10 |
---------------+-------------------------------+-----
Fighting       | 1 4 5 7 8 |  8.0
Unarmed Combat | 1 4 5 7 8 |  8.5
Conjurations   | 4 5 6 7 |  7.8
Spellcasting   | 4 5 7 8 |  8.0
Poison Magic   | 7 8 10 | 10.8
Invocations    | 3 5 8 9 10 | 10.2
Armour         | 1 3 4 |  4.3
Transmutations | 3 5 |  5.3
Earth Magic    | 3 5 |  5.1
Dodging        | |  1.5
Stealth        | |  3.0

Action                   |  1- 3 |  4- 6 |  7- 9 | 10-12 || total
-------------------------+-------+-------+-------+-------++-------
Melee: Unarmed           |     6 |    30 |    21 |    18 ||    75
       Punch             |       |     1 |     3 |     1 ||     5
 Cast: Sting             |     2 |     4 |       |       ||     6
       Olgreb's Toxic Ra |       |     4 |     1 |       ||     5
       Mephitic Cloud    |       |     3 |     3 |       ||     6
       Poisonous Vapours |       |     2 |    16 |     1 ||    19
       Venom Bolt        |       |       |     3 |       ||     3
Invok: Slouch            |       |       |     3 |     1 ||     4
Evoke: Wand              |     3 |     2 |     7 |     3 ||    15
  Use: Potion            |       |     1 |     5 |     1 ||     7
 Stab: Confused          |       |     1 |     2 |       ||     3
       Paralysed         |       |       |     5 |     3 ||     8
Armor: Robe              |       |     4 |       |       ||     4
       Ring mail         |       |       |     2 |     3 ||     5
Dodge: Dodged            |     3 |     9 |    15 |     7 ||    34

Table legend:
 A = Non-vault XP
 B = Vault XP
 C = Vault XP percentage of total XP
 D = Non-vault monster count
 E = Vault monster count
 F = Vault count percentage of total count
                 A         B        C        D         E       F
            +---------+---------+-------+---------+---------+-------
      Total |    3630 |       0 |   0.0 |      29 |       0 |   0.0
            +---------+---------+-------+---------+---------+-------
          D |    3630 |       0 |   0.0 |      29 |       0 |   0.0
            +---------+---------+-------+---------+---------+-------
